 Dungeon Crawl Stone Soup version 0.18-a0-750-g37044d6 (webtiles) character file.

512 gorblad the Skirmisher (level 6, -7/50 HPs)
             Began as a Demonspawn Chaos Knight on Dec 11, 2015.
             Mangled by gorblad's ghost (23 damage)
             ... on level 4 of the Dungeon.
             The game lasted 00:09:50 (3650 turns).

gorblad the Skirmisher (Demonspawn Chaos Knight)    Turns: 3650, Time: 00:09:50

Health: -7/50      AC: 15    Str: 14    XL:     6   Next: 99%
Magic:  6/6        EV:  4    Int: 14    God:    Xom [...*..]
Gold:   213        SH:  0    Dex: 11    Spells: 0 memorised, 5 levels left

rFire  + . .     SeeInvis .     a - +1 hand axe (chaos)
rCold  . . .     Clarity  +     f - +0 plate armour
rNeg   . . .     SustAt   +     (no shield)
rPois  .         Gourm    .     (helmet restricted)
rElec  .         Spirit   .     (no cloak)
rCorr  .         Dismiss  .     (no gloves)
rMut   .         Stasis   .     (no boots)
MR     .....                    t - amulet of clarity
Stlth  ..........               (no ring)
                                p - ring of sustain attributes

@: not resistant to hostile enchantments, extremely unstealthy
A: antennae 2, rough black scales 1, fire resistance 1, sense surroundings 1
a: Renounce Religion


You were on level 4 of the Dungeon.
You worshipped Xom.
You were a favourite toy of Xom.
You were not hungry.

You visited 1 branch of the dungeon, and saw 4 of its levels.
You also visited: Sewer.

You collected 213 gold pieces.

Inventory:

Hand Weapons
 a - a +1 hand axe of chaos (weapon)
Armour
 b - a +2 leather armour
 f - a +0 plate armour (worn)
 u - a +0 ring mail
Jewellery
 g - an uncursed amulet of rage
 p - a ring of sustain attributes (left hand)
 t - an amulet of clarity (around neck)
Scrolls
 e - a scroll of recharging
 h - a scroll of blinking
 i - a scroll of fear
 m - 2 scrolls of remove curse
 y - a scroll of teleportation
 B - a scroll of identify
Potions
 k - a potion of degeneration {unknown}
 o - a potion of experience {unknown}
 r - 4 potions of curing
 s - 4 potions of brilliance
 v - 5 potions of agility
 w - 3 potions of heal wounds
 x - a potion of might
 z - a potion of flight {unknown}
 A - a potion of poison {unknown}
Comestibles
 c - 4 bread rations
 d - 8 fruits
 j - 2 chunks of flesh
 l - 2 royal jellies
 n - 4 meat rations
 q - a beef jerky


   Skills:
 + Level 4.9 Fighting
 + Level 4.4 Axes
 + Level 3.6 Armour
 + Level 2.9 Dodging


You had 5 spell levels left.
You didn't know any spells.

Dungeon Overview and Level Annotations

Branches:
Dungeon (4/15)             Temple (0/1) D:4

Altars:
Makhleb
Okawaru

Annotations:
D:4 gorblad's ghost, novice OgBe


Innate Abilities, Weirdness & Mutations

You have a pair of antennae on your head.
You are partially covered in rough black scales (AC +4, Dex -1).
Your flesh is heat resistant.
You passively map a small area around you.


Message History

You hit gorblad's ghost.
Gorblad's ghost seems to slow down.
Gorblad's ghost is lightly damaged.
Gorblad's ghost is no longer moving slowly.
Gorblad's ghost hits you but does no damage.
You hit gorblad's ghost. You burn gorblad's ghost.
Gorblad's ghost is lightly damaged.
Gorblad's ghost hits you but does no damage.
You miss gorblad's ghost.
Gorblad's ghost is lightly damaged.
Gorblad's ghost hits you!
You hit gorblad's ghost. You burn gorblad's ghost.
Gorblad's ghost is lightly damaged. "This might be better!"
Gorblad's ghost hits you!
You closely miss gorblad's ghost.
Gorblad's ghost is lightly damaged.
Gorblad's ghost says, "You will never get the ORB!"
Gorblad's ghost hits you!!
You die...
Xom laughs nastily!

* , ### ** * , ..#### ..
#,#....# ...( * *
##.#....#####.... ,, ,
....?............, ,
..<............ , ,* ,
*#.W.........# * , ,
#..@........######## , ,
.##.>......(......... ,
.....#+#.############## ,,
...#(8.#........# #... *
,,#.#..............####...
. ##8.>.8........##.....
#................#...
##.8.#........####...
##...........# #...


You could see gorblad's ghost.

Vanquished Creatures
  A black bear (D:3)
  3 big kobolds (Sewer)
  Robin (D:2)
  5 adders
  6 river rats
  4 oozes
  A worm (D:2)
  2 giant geckos
  5 orcs (D:3)
  5 ball pythons
  6 bats
  3 giant cockroaches (D:3)
  10 goblins
  9 hobgoblins
  3 quokkas (D:3)
  4 giant newts
  25 kobolds
  24 rats
117 creatures vanquished.

Notes
Turn   | Place    | Note
--------------------------------------------------------------
     0 | D:1      | gorblad the Demonspawn Chaos Knight began the quest for the Orb.
     0 | D:1      | Reached XP level 1. HP: 18/18 MP: 1/1
    49 | D:1      | XOM: potion effect (agility)
   114 | D:1      | XOM: silly message
   120 | D:1      | Gained mutation: You have a pair of small antennae on your head. [demonic ancestry]
   120 | D:1      | Reached XP level 2. HP: 22/24 MP: 2/2
   176 | D:1      | Reached skill level 1 in Dodging
   624 | D:1      | XOM: confuse monster(s)
   630 | D:1      | Gained mutation: You have a pair of antennae on your head. [demonic ancestry]
   630 | D:1      | Reached XP level 3. HP: 29/29 MP: 3/3
   758 | D:1      | XOM: colour smoke trail
   856 | D:1      | XOM: mild Ice miscast
   944 | D:2      | Noticed Robin
   953 | D:2      | Gained mutation: You passively map a small area around you. [potion of beneficial mutation]
   957 | D:2      | Killed Robin
  1009 | D:2      | Found a burning altar of Makhleb.
  1009 | D:2      | Noticed a balrug
  1032 | D:2      | Noticed a smoke demon
  1032 | D:2      | Noticed a smoke demon
  1251 | D:2      | Gained mutation: Your flesh is heat resistant. [demonic ancestry]
  1251 | D:2      | Reached XP level 4. HP: 34/36 MP: 4/4
  1385 | D:2      | Found an iron altar of Okawaru.
  1526 | D:2      | XOM: god gift: ring mail {god gift}
  1917 | D:3      | XOM: scenery: 1 doors open
  2005 | D:3      | XOM: divination: magic mapping
  2042 | D:3      | Found a glowing drain.
  2075 | D:3      | Noticed a black bear
  2080 | D:3      | XOM: summons friendly ufetubus
  2081 | D:3      | XOM: divination: detect items
  2086 | D:3      | Killed a black bear
  2086 | D:3      | Reached skill level 4 in Fighting
  2086 | D:3      | Reached XP level 5. HP: 22/42 MP: 5/5
  2089 | Sewer    | Entered a sewer
  2375 | Sewer    | Gained mutation: You are partially covered in rough black scales (AC +4, Dex -1). [demonic ancestry]
  2375 | Sewer    | Reached XP level 6. HP: 20/49 MP: 6/6
  2497 | Sewer    | XOM: 2-stop teleportation journey
  2791 | Sewer    | XOM: colour smoke trail
  2842 | Sewer    | XOM: noise
  3287 | D:3      | XOM: scenery: 1 doors open
  3352 | D:3      | XOM: divination: detect creatures
  3370 | D:3      | XOM: silly message
  3636 | D:4      | Found a staircase to the Ecumenical Temple.
  3642 | D:4      | Noticed gorblad's ghost (novice OgBe)
  3649 | D:4      | XOM: enchant monster (good)
  3650 | D:4      | Mangled by gorblad's ghost

Vault maps used:
D:1:      scummos_arrival_star
D:2:      lemuel_crystal_altar, first_bread, makhleb_altar_promises_db,
          uniq_robin
D:3:      portal_sewer_entry_a, item_on_display_a
D:4:      minmay_door_path, lemuel_doored_altar,
          minmay_temple_entry_statues_pillars
Sewer:    sewer_minmay_treatment

Action                   |  1- 3 |  4- 6 || total
-------------------------+-------+-------++-------
Melee: Hand axe          |    88 |   260 ||   348
  Use: Potion            |     4 |       ||     4
       Scroll            |       |    13 ||    13
 Stab: Sleeping          |     1 |       ||     1
       Petrifying        |       |     1 ||     1
       Petrified         |       |     1 ||     1
       Paralysed         |       |     1 ||     1
  Eat: Chunk             |     1 |     8 ||     9
